SL
PHOENIX HOTSPUR @ NEW AMSTERDAM REPUBLICS
07/18/2024
 
TOP OF THE 1ST
Phoenix Hotspur batting - Pitching for New Amsterdam Republics : RHP Andy Coker
Pitching: RHP Andy Coker
Batting: LHB Arthur Ryan 0-0: Ball
1-0: Foul Ball, location: 2F
1-1: Ball
2-1: Foul Ball, location: 2F
2-2: Foul Ball, location: 2F
2-2: Ball
3-2: Fly out, F8 (Flyball, 8LS)
Batting: SHB Pedro Gómez 0-0: Called Strike
0-1: Ball
1-1: Swinging Strike
1-2: Ball
2-2: Ground out 4-3 (Groundball, 4)
Batting: RHB Martín Martínez 0-0: Called Strike
0-1: Called Strike
0-2: Ball
1-2: Strikes out swinging
Top of the 1st over - 0 run(s), 0 hit(s), 0 error(s), 0 left on base; Phoenix 0 - New Amsterdam 0
BOTTOM OF THE 1ST
New Amsterdam Republics batting - Pitching for Phoenix Hotspur : RHP Scott William
Pitching: RHP Scott William
Batting: RHB António Pérez 0-0: Ground out 4-3 (Groundball, 4)
Batting: RHB Ed Anderson 0-0: Swinging Strike
0-1: Ground out U3 (Groundball, 3)
Batting: RHB Tim Robinson 0-0: Ball
1-0: Ball
2-0: Ground out 1-3 (Groundball, 15)
Bottom of the 1st over - 0 run(s), 0 hit(s), 0 error(s), 0 left on base; Phoenix 0 - New Amsterdam 0
TOP OF THE 2ND
Phoenix Hotspur batting - Pitching for New Amsterdam Republics : RHP Andy Coker
Batting: RHB Ángel Rivera 0-0: Foul Ball, location: 2F
0-1: Foul Ball, location: 2F
0-2: Strikes out swinging
Batting: RHB António Padilla 0-0: Ball
1-0: Ball
2-0: Ground out 4-3 (Groundball, 4M)
Batting: RHB Gabriel Pérez 0-0: Ball
1-0: Ball
2-0: Called Strike
2-1: Swinging Strike
2-2: SINGLE (Flyball, 78S)
Batting: LHB Shojiro Ueda 0-0: Called Strike
Gabriel Pérez is caught stealing 2nd base
Top of the 2nd over - 0 run(s), 1 hit(s), 0 error(s), 0 left on base; Phoenix 0 - New Amsterdam 0
BOTTOM OF THE 2ND
New Amsterdam Republics batting - Pitching for Phoenix Hotspur : RHP Scott William
Batting: RHB Quincy van Enk 0-0: Swinging Strike
0-1: Ball
1-1: Ball
2-1: Called Strike
2-2: Ball
3-2: DOUBLE (Line Drive, 9LS)
Batting: LHB Steve Ingram 0-0: Ball
1-0: Ball
2-0: Called Strike
2-1: Swinging Strike
2-2: Ground out 1-3 (Groundball, 13S)
Quincy van Enk to third
Batting: RHB Luis Muńóz 0-0: Foul Ball, location: 2F
0-1: Ball
1-1: Hit by Pitch
Batting: LHB Eric Ward 0-0: Called Strike
0-1: Ball
1-1: Foul Ball, location: 2F
1-2: Foul Ball, location: 2F
1-2: Foul Ball, location: 2F
1-2: Ball
2-2: Foul Ball, location: 2F
2-2: Ball
3-2: SINGLE (Groundball, 34D)
Quincy van Enk scores
Luis Muńóz to second
Batting: RHB Pedro Torrez 0-0: Grounds into double play, 6-4-3 (Groundball, 6M)
Bottom of the 2nd over - 1 run(s), 2 hit(s), 0 error(s), 1 left on base; Phoenix 0 - New Amsterdam 1
TOP OF THE 3RD
Phoenix Hotspur batting - Pitching for New Amsterdam Republics : RHP Andy Coker
Batting: LHB Shojiro Ueda 0-0: Called Strike
0-1: Called Strike
0-2: Ball
1-2: Ball
2-2: Ball
3-2: Base on Balls
Batting: RHB Randy Rehling 0-0: Ball
1-0: Ball
2-0: Foul Ball, location: 2F
2-1: Swinging Strike
2-2: Strikes out looking
Batting: RHB John Moore 0-0: Swinging Strike
0-1: SINGLE (Line Drive, 78S)
Shojiro Ueda to second
Batting: LHB Arthur Ryan 0-0: Foul Ball, location: 2F
0-1: Ball
1-1: Foul Ball, location: 2F
1-2: Ball
2-2: Strikes out looking
Batting: SHB Pedro Gómez 0-0: Called Strike
0-1: Ball
Wild Pitch!
Shojiro Ueda to third
John Moore to second
1-1: Fly out, F6 (Popup, 6MD)
Top of the 3rd over - 0 run(s), 1 hit(s), 0 error(s), 2 left on base; Phoenix 0 - New Amsterdam 1
BOTTOM OF THE 3RD
New Amsterdam Republics batting - Pitching for Phoenix Hotspur : RHP Scott William
Batting: RHB David Morales 0-0: Foul Ball, location: 2F
0-1: Ball
1-1: Fly out, F8 (Flyball, 8LM)
Batting: RHB António Pérez 0-0: Called Strike
0-1: Fly out, F7 (Flyball, 78M)
Batting: RHB Ed Anderson 0-0: Ball
1-0: Ball
2-0: Ball
3-0: Called Strike
3-1: Swinging Strike
3-2: Foul Ball, location: 2F
3-2: Base on Balls
Batting: RHB Tim Robinson 0-0: Called Strike
0-1: Called Strike
0-2: Ground out 6-3 (Groundball, 6)
Bottom of the 3rd over - 0 run(s), 0 hit(s), 0 error(s), 1 left on base; Phoenix 0 - New Amsterdam 1
TOP OF THE 4TH
Phoenix Hotspur batting - Pitching for New Amsterdam Republics : RHP Andy Coker
Batting: RHB Martín Martínez 0-0: Called Strike
0-1: Called Strike
0-2: Ball
1-2: Foul Ball, location: 2F
1-2: Fly out, F9 (Flyball, 9M)
Batting: RHB Ángel Rivera 0-0: Called Strike
0-1: Swinging Strike
0-2: Ball
1-2: Strikes out looking
Batting: RHB António Padilla 0-0: Fly out, F7 (Flyball, 78D)
Top of the 4th over - 0 run(s), 0 hit(s), 0 error(s), 0 left on base; Phoenix 0 - New Amsterdam 1
BOTTOM OF THE 4TH
New Amsterdam Republics batting - Pitching for Phoenix Hotspur : RHP Scott William
Batting: RHB Quincy van Enk 0-0: Foul Ball, location: 2F
0-1: Ground out 5-3 (Groundball, 56)
Batting: LHB Steve Ingram 0-0: Ball
1-0: Ball
2-0: Ground out 4-3 (Groundball, 4M)
Batting: RHB Luis Muńóz 0-0: Ball
1-0: Swinging Strike
1-1: Ball
2-1: Ball
3-1: Base on Balls
Batting: LHB Eric Ward 0-0: Fielders Choice at 2nd, U4 (Groundball, 4M)
Bottom of the 4th over - 0 run(s), 0 hit(s), 0 error(s), 1 left on base; Phoenix 0 - New Amsterdam 1
TOP OF THE 5TH
Phoenix Hotspur batting - Pitching for New Amsterdam Republics : RHP Andy Coker
Batting: RHB Gabriel Pérez 0-0: TRIPLE (Line Drive, 9LM)
Batting: LHB Shojiro Ueda 0-0: Fly out, F6 (Popup, 6D)
Batting: RHB Randy Rehling 0-0: Called Strike
0-1: Ball
1-1: Ball
2-1: Ground out 6-3 (Groundball, 6M)
Batting: RHB John Moore 0-0: Ball
1-0: SINGLE (Line Drive, 78S)
Gabriel Pérez scores
Batting: LHB Arthur Ryan 0-0: Swinging Strike
0-1: Called Strike
0-2: Ground out 6-3 (Groundball, 6)
Top of the 5th over - 1 run(s), 2 hit(s), 0 error(s), 1 left on base; Phoenix 1 - New Amsterdam 1
BOTTOM OF THE 5TH
New Amsterdam Republics batting - Pitching for Phoenix Hotspur : RHP Scott William
Batting: RHB Pedro Torrez 0-0: Called Strike
0-1: Ball
1-1: Ball
2-1: Ball
3-1: Fly out, F7 (Flyball, 78D)
Batting: RHB David Morales 0-0: Called Strike
0-1: Called Strike
0-2: Ball
1-2: Strikes out looking
Batting: RHB António Pérez 0-0: SINGLE (Groundball, 6MD)
Batting: RHB Ed Anderson 0-0: Called Strike
0-1: Ball
1-1: Swinging Strike
1-2: Strikes out swinging
Bottom of the 5th over - 0 run(s), 1 hit(s), 0 error(s), 1 left on base; Phoenix 1 - New Amsterdam 1
TOP OF THE 6TH
Phoenix Hotspur batting - Pitching for New Amsterdam Republics : RHP Andy Coker
Batting: SHB Pedro Gómez 0-0: Ball
1-0: Called Strike
1-1: Swinging Strike
1-2: Ball
2-2: Foul Ball, location: 2F
2-2: Ball
3-2: Base on Balls
Batting: RHB Martín Martínez 0-0: Ball
1-0: Foul Ball, location: 2F
1-1: Ball
2-1: Fly out, F8 (Flyball, 8LS)
Batting: RHB Ángel Rivera 0-0: DOUBLE (Line Drive, 89D)
Pedro Gómez to third
Runner from 3rd tries for Home, SAFE, no throw or cutoff
Batting: RHB António Padilla 0-0: Called Strike
0-1: Ball
1-1: Ball
2-1: SINGLE (Line Drive, 6D)
Ángel Rivera to third
Runner from 3rd tries for Home, SAFE, throw made home
António Padilla to second
Batting: RHB Gabriel Pérez 0-0: Called Strike
0-1: Swinging Strike
0-2: Ball
1-2: Ball
2-2: Strikes out looking
Batting: LHB Shojiro Ueda 0-0: Ball
1-0: Called Strike
1-1: Fly out, F7 (Flyball, 7D)
Top of the 6th over - 2 run(s), 2 hit(s), 0 error(s), 1 left on base; Phoenix 3 - New Amsterdam 1
BOTTOM OF THE 6TH
New Amsterdam Republics batting - Pitching for Phoenix Hotspur : RHP Scott William
Batting: RHB Tim Robinson 0-0: Swinging Strike
0-1: Ball
1-1: Ball
2-1: Ball
3-1: Base on Balls
Batting: RHB Quincy van Enk 0-0: SINGLE (Groundball, 34D)
Tim Robinson to second
Runner from 2nd tries for 3rd, SAFE, throw made to third
Batting: LHB Steve Ingram 0-0: Ball
1-0: Foul Ball, location: 2F
1-1: Called Strike
1-2: Ball
2-2: Foul Ball, location: 2F
2-2: Fly out, F8 (Flyball, 8RD)
Runner from 3rd tags up, SCORES, no throw
Batting: RHB Luis Muńóz 0-0: Fly out, F8 (Flyball, 8LD)
Batting: LHB Eric Ward 0-0: Ground out U3 (Groundball, 3L)
Bottom of the 6th over - 1 run(s), 1 hit(s), 0 error(s), 1 left on base; Phoenix 3 - New Amsterdam 2
TOP OF THE 7TH
Phoenix Hotspur batting - Pitching for New Amsterdam Republics : RHP Andy Coker
Batting: RHB Randy Rehling 0-0: Ball
1-0: DOUBLE (Line Drive, 8RD)
Batting: RHB John Moore 0-0: Ball
Wild Pitch!
Randy Rehling to third
1-0: Called Strike
1-1: 2-RUN HOME RUN (Line Drive, 78XD), Distance : 425 ft
Batting: LHB Arthur Ryan 0-0: Fly out, F7 (Flyball, 7M)
Batting: SHB Pedro Gómez 0-0: Ball
1-0: Fly out, F7 (Flyball, 7M)
Batting: RHB Martín Martínez 0-0: Ball
1-0: Called Strike
1-1: Foul Ball, location: 2F
1-2: Foul Ball, location: 2F
1-2: Strikes out swinging
Top of the 7th over - 2 run(s), 2 hit(s), 0 error(s), 0 left on base; Phoenix 5 - New Amsterdam 2
BOTTOM OF THE 7TH
New Amsterdam Republics batting - Pitching for Phoenix Hotspur : RHP Scott William
Batting: RHB Pedro Torrez 0-0: Foul Ball, location: 2F
0-1: Fly out, F7 (Flyball, 7D)
Batting: RHB David Morales 0-0: Ball
1-0: Foul Ball, location: 2F
1-1: Ground out 6-3 (Groundball, 6)
Batting: RHB António Pérez 0-0: Foul Ball, location: 2F
0-1: SINGLE (Line Drive, 6MD)
Batting: RHB Ed Anderson 0-0: Ball
1-0: Ball
2-0: Ball
3-0: Base on Balls
António Pérez to second
Batting: RHB Tim Robinson 0-0: Called Strike
0-1: Ball
1-1: Swinging Strike
1-2: DOUBLE (Line Drive, 89D)
António Pérez scores
Ed Anderson to third
Pitching: RHP Devin Hinton
Batting: RHB Quincy van Enk 0-0: Called Strike
0-1: Ball
1-1: Ground out 6-3 (Groundball, 6)
Bottom of the 7th over - 1 run(s), 2 hit(s), 0 error(s), 2 left on base; Phoenix 5 - New Amsterdam 3
TOP OF THE 8TH
Phoenix Hotspur batting - Pitching for New Amsterdam Republics : RHP Andy Coker
Batting: RHB Ángel Rivera 0-0: Called Strike
0-1: Ball
1-1: Foul Ball, location: 2F
1-2: Strikes out swinging
Batting: RHB António Padilla 0-0: Ball
1-0: Foul Ball, location: 2F
1-1: Called Strike
1-2: Foul Ball, location: 2F
1-2: Ball
2-2: Ball
3-2: SINGLE (Groundball, 25) (infield hit)
Pitching: RHP Albert Emery
Batting: RHB Gabriel Pérez 0-0: Grounds into double play, 6-4-3 (Groundball, 6M)
Top of the 8th over - 0 run(s), 1 hit(s), 0 error(s), 0 left on base; Phoenix 5 - New Amsterdam 3
BOTTOM OF THE 8TH
New Amsterdam Republics batting - Pitching for Phoenix Hotspur : RHP Devin Hinton
Batting: LHB Steve Ingram 0-0: Ground out 1-3 (Groundball, 13)
Batting: RHB Luis Muńóz 0-0: Ground out 6-3 (Groundball, 6)
Batting: LHB Eric Ward 0-0: Foul Ball, location: 2F
0-1: Ball
1-1: Foul Ball, location: 2F
1-2: Ball
2-2: Ball
3-2: Base on Balls
Pitching: RHP Donald Gregory
Batting: RHB Pedro Torrez 0-0: Called Strike
0-1: Fly out, F8 (Flyball, 8LD)
Bottom of the 8th over - 0 run(s), 0 hit(s), 0 error(s), 1 left on base; Phoenix 5 - New Amsterdam 3
TOP OF THE 9TH
Phoenix Hotspur batting - Pitching for New Amsterdam Republics : RHP Albert Emery
Batting: LHB Shojiro Ueda 0-0: Called Strike
0-1: Ground out 6-3 (Groundball, 6M)
Batting: RHB Randy Rehling 0-0: Ball
1-0: Called Strike
1-1: Foul Ball, location: 2F
1-2: Foul Ball, location: 2F
1-2: Ball
2-2: Strikes out swinging
Batting: RHB John Moore 0-0: Swinging Strike
0-1: Foul Ball, location: 2F
0-2: Ball
1-2: SOLO HOME RUN (Flyball, 78XD) (Inside the Park)
Batting: LHB Arthur Ryan 0-0: Ground out 3-1 (Groundball, 34)
Top of the 9th over - 1 run(s), 1 hit(s), 0 error(s), 0 left on base; Phoenix 6 - New Amsterdam 3
BOTTOM OF THE 9TH
New Amsterdam Republics batting - Pitching for Phoenix Hotspur : RHP Donald Gregory
Pitching: RHP Bruce Hamilton
Batting: RHB David Morales 0-0: Ball
1-0: Ball
2-0: Foul Ball, location: 2F
2-1: Fly out, F2 (Popup, 2RF)
Batting: RHB António Pérez 0-0: Foul Ball, location: 2F
0-1: Ball
1-1: Fly out, F9 (Flyball, 89M)
Batting: RHB Ed Anderson 0-0: Ball
1-0: Ball
2-0: Foul Ball, location: 2F
2-1: Ball
3-1: Called Strike
3-2: Foul Ball, location: 2F
3-2: Strikes out swinging
Bottom of the 9th over - 0 run(s), 0 hit(s), 0 error(s), 0 left on base; Phoenix 6 - New Amsterdam 3
This league is powered by Out of the Park Baseball, the baseball management simulation game for PC, Mac and Linux
Monday, October 3rd, 2016 - OOTP Baseball 16.9 Build 39